 Dungeon Crawl Stone Soup version 0.20.0-15-g7f486f2 (webtiles) character file.

46 StormFighter the Chucker (level 3, 0/39 HPs)
             Began as an Ogre Hunter on June 15, 2017.
             Was an Initiate of Makhleb.
             Slain by an adder (2 damage)
             ... on level 3 of the Dungeon.
             The game lasted 00:03:45 (1686 turns).

StormFighter the Chucker (Ogre Hunter)              Turns: 1686, Time: 00:03:46

Health: 0/39       AC:  3    Str: 17    XL:     3   Next: 66%
Magic:  3/3        EV: 15    Int: 12    God:    Makhleb [......]
Gold:   80         SH:  0    Dex: 14    Spells: 2/2 levels left

rFire    . . .     SeeInvis .   g - +0 club
rCold    . . .     Gourm    .   (no shield)
rNeg     . . .     Faith    .   b - +0 robe
rPois    .         Spirit   .   (helmet restricted)
rElec    .         Reflect  .   (no cloak)
rCorr    .         Harm     .   (gloves unavailable)
MR       .....                  (boots unavailable)
Stlth    +++.......             (no amulet)
Regen    0.2/turn               (no ring)
MPRegen  0.1/turn               (no ring)

@: agile, lethally poisoned (0 -> -12)
A: unfitting armour, tough skin 1
a: Renounce Religion


You were on level 3 of the Dungeon.
You worshipped Makhleb.
Makhleb was noncommittal.
You were not hungry.

You visited 1 branch of the dungeon, and saw 3 of its levels.

You collected 80 gold pieces.

Inventory:

Hand Weapons
 g - a +0 club (weapon)
Missiles
 c - 5 large rocks (quivered)
 d - 2 throwing nets
Armour
 b - a +0 robe (worn)
Jewellery
 i - a +3 ring of dexterity {unknown}
Scrolls
 e - 5 scrolls of teleportation {unknown}
 j - 2 scrolls of remove curse {unknown}
 l - a scroll of enchant weapon {unknown}
 m - a scroll of fog {unknown}
 o - a scroll of identify {unknown}
Comestibles
 f - 2 bread rations
 n - a chunk of flesh


   Skills:
 - Level 3.7 Fighting
 * Level 2.1 Maces & Flails
 - Level 4.0 Throwing
 - Level 1.7 Dodging
 - Level 0.6 Stealth


You had 2 spell levels left.
You didn't know any spells.

Dungeon Overview and Level Annotations

Branches:
Dungeon (2/15)

Altars:
Cheibriados
Dithmenos
Elyvilon
Fedhas
Makhleb
Qazlal
Ru
Vehumet
Zin

Shops:
D:2 *


Innate Abilities, Weirdness & Mutations

You are too large for most types of armour.
You have tough skin. (AC +1)


Message History

It was a potion of cancellation.
You feel magically purged.
* * * LOW HITPOINT WARNING * * *
You feel sick. The bat hits you but does no damage. The adder bites you.
* * * LOW HITPOINT WARNING * * *
You are more poisoned.
The adder poisons you!
It was a potion of agility.
You feel agile all of a sudden.
* * * LOW HITPOINT WARNING * * *
You feel sick. The adder barely misses you. The bat barely misses you.
You hit the adder.
The adder is almost dead.
* * * LOW HITPOINT WARNING * * *
You feel sick. The bat closely misses you. The adder misses you.
The adder completely misses you.
You barely miss the adder.
The adder is almost dead.
* * * LOW HITPOINT WARNING * * *
You feel sick. The bat closely misses you. The adder bites you.
You die...

## #..♣♣....♣.#
...
#...♣P..♣P.#
#.#####...P♣♣♣♣
P# #..........♣
.
#......###..PP.
#......###.....
#..............
##....b########
#....@#
#....!S.....#
####..%.....#
#........#
#........#
#........#
#........#
#........#


You could see an adder and a bat.

Vanquished Creatures
  An adder (D:2)
  2 oozes (D:1)
  A dart slug (D:1)
  6 goblins
  3 hobgoblins
  6 frilled lizards
  5 kobolds (D:1)
  5 rats
29 creatures vanquished.

Notes
Turn   | Place    | Note
-------+----------+-------------------------------------------
     0 | D:1      | StormFighter the Ogre Hunter began the quest for the Orb.
     0 | D:1      | Reached XP level 1. HP: 22/22 MP: 1/1
    63 | D:1      | Reached XP level 2. HP: 11/32 MP: 2/2
   335 | D:1      | Reached skill level 1 in Maces & Flails
   450 | D:1      | Reached XP level 3. HP: 11/39 MP: 3/3
  1187 | D:2      | Found a glowing silver altar of Zin.
  1188 | D:2      | Found Zin's Purification Station.
  1425 | D:2      | Found a stormy altar of Qazlal.
  1426 | D:2      | Found a burning altar of Makhleb.
  1428 | D:2      | Found a radiant altar of Vehumet.
  1428 | D:2      | Found a white marble altar of Elyvilon.
  1428 | D:2      | Found a snail-covered altar of Cheibriados.
  1430 | D:2      | Found a shadowy altar of Dithmenos.
  1430 | D:2      | Found a blossoming altar of Fedhas.
  1431 | D:2      | Found a sacrificial altar of Ru.
  1448 | D:2      | Became a worshipper of Makhleb the Destroyer
  1647 | D:2      | You fall through a shaft!
  1686 | D:3      | Slain by an adder

Skill      XL: |  1  2  3 |
---------------+----------+-----
Fighting       | 3 |  3.7
Maces & Flails | 1 2 |  2.1
Throwing       | |  4.0
Dodging        | |  1.7
Stealth        | |  0.6

Action                   || total
-------------------------++-------
Melee: Short sword       ||    26
       Club              ||   106
  Use: Potion            ||     4
 Stab: Sleeping          ||     2
  Eat: Chunk             ||     3
Armor: Robe              ||    40
Dodge: Dodged            ||    82
